 Dungeon Crawl Stone Soup version 0.16.2-2-g470672f (webtiles) character file.

74 poirepourri the Conjurer (level 4, 0/19 HPs)
             Began as a Deep Elf Conjurer on Aug 27, 2015.
             Slain by raikaria's ghost (7 damage)
             ... on level 3 of the Dungeon.
             The game lasted 00:05:40 (2802 turns).

poirepourri the Conjurer (Deep Elf Conjurer)        Turns: 2802, Time: 00:05:41

Health: 0/19       AC:  3    Str:  7    XL:     4   Next: 9%
Magic:  4/15       EV: 13    Int: 21    God:
Gold:   146        SH:  0    Dex: 15    Spells: 2 memorised, 7 levels left

rFire  . . .     SeeInvis .     (no weapon)
rCold  . . .     Clarity  .     a - +1 robe
rNeg   . . .     SustAb   .     (no shield)
rPois  .         Gourm    .     (helmet restricted)
rElec  .         Spirit   .     (no cloak)
rCorr  .         Warding  .     (no gloves)
rMut   .         Stasis   .     (no boots)
MR     .....                    (no amulet)
Stlth  ++........               (no ring)
                                (no ring)

@: very slightly contaminated, not resistant to hostile enchantments, unstealthy
A: horns 1, frail 2, high mp 1, spit poison 1, strong 1
a: Spit Poison


You were on level 3 of the Dungeon.
You were not hungry.

You visited 1 branch of the dungeon, and saw 3 of its levels.

You collected 146 gold pieces.

Inventory:

Armour
 a - a +1 robe (worn)
Magical devices
 d - a wand of slowing (14)
Scrolls
 f - 4 scrolls of enchant armour
Books
 c - a book of Conjurations

   Spells                             Type                      Level
   a - Magic Dart                     Conjuration                  1
   b - Searing Ray                    Conjuration                  2
   c - Dazzling Spray                 Conjuration/Hexes            3
   d - Fulminant Prism                Conjuration/Hexes            4
   e - Iskenderun's Mystic Blast      Conjuration                  4
   f - Iskenderun's Battlesphere      Conjuration/Charms           5
Comestibles
 h - 3 meat rations


   Skills:
 + Level 2.8 Dodging
 + Level 2.6 Stealth
 * Level 3.7 Spellcasting
 + Level 5.6 Conjurations


You had 7 spell levels left.
You knew the following spells:

 Your Spells              Type           Power        Failure   Level  Hunger
a - Magic Dart            Conj           ####         1%          1    None
b - Searing Ray           Conj           ####..       1%          2    ##.....


Dungeon Overview and Level Annotations

Branches:
Dungeon (3/15)

Altars:

Annotations:
D:3 raikaria's ghost, average HEWr


Innate Abilities, Weirdness & Mutations

You have a pair of small horns on your head.
You are very frail (-20% HP).
You have an increased reservoir of magic (+10% MP).
You can spit poison.
Your muscles are strong. (Str +2)


Message History

You can't see any susceptible monsters within range! (Use Z to cast anyway.)
Casting: Searing Ray
Confirm with . or Enter, or press ? or * to list all spells.
You can't see any susceptible monsters within range! (Use Z to cast anyway.)
Casting: Searing Ray
Confirm with . or Enter, or press ? or * to list all spells.
You can't see any susceptible monsters within range! (Use Z to cast anyway.) Raikaria's ghost hits you!
Raikaria's ghost barely misses you.
Casting: Searing Ray
Confirm with . or Enter, or press ? or * to list all spells.
Aiming: Searing Ray
Press: ? - help, Shift-Dir - straight line, f/p - raikaria's ghost
Aim: raikaria's ghost (heavily damaged)
The searing ray misses raikaria's ghost.
Raikaria's ghost hits you.
A jackal comes into view.
Raikaria's ghost misses you. Raikaria's ghost hits you!
You die...

............>'.#...#...#...#...#.
.............#.#..#.#.#.#.#.#.#.#
.............#.#.#...#...#...#...
...............#..#.#.#.#.#.#.#.#
####...........##..#...#...#...#.
##.###)......##..#.#(#.#.#.#..
#.. #........##..#...#...#..# ...
#......W..##..#.#.#.#..## ....
#...)...@..##..#...#..##
###.)##.....##.......## ..
#..##......######### # #.
#..###....############# #..#.)#
#[.......)........ #.#..#
#............##### #....#
#............# .....#...#
############## .....#...###


You could see raikaria's ghost.

Vanquished Creatures
  An adder (D:2)
  A worm (D:2)
  3 giant geckos
  An orc (D:3)
  4 giant cockroaches
  8 hobgoblins
  3 jackals (D:3)
  7 bats
  4 giant newts
  13 goblins
  5 kobolds
  A rat (D:2)
51 creatures vanquished.

Notes
Turn   | Place    | Note
--------------------------------------------------------------
     0 | D:1      | poirepourri, the Deep Elf Conjurer, began the quest for the Orb.
     0 | D:1      | Reached XP level 1. HP: 10/10 MP: 5/5
   234 | D:1      | Reached XP level 2. HP: 15/15 MP: 3/8
   331 | D:1      | Reached skill level 5 in Conjurations
   622 | D:1      | Learned a level 2 spell: Searing Ray
  1148 | D:2      | Reached XP level 3. HP: 19/19 MP: 4/11
  2246 | D:3      | Gained mutation: You are frail (-10% HP). [potion of mutation]
  2246 | D:3      | Gained mutation: You have an increased reservoir of magic (+10% MP). [potion of mutation]
  2246 | D:3      | Gained mutation: Your muscles are strong. (Str +2) [potion of mutation]
  2339 | D:3      | Noticed Robin
  2348 | D:3      | Gained mutation: You can spit poison. [potion of mutation]
  2348 | D:3      | Gained mutation: You have a pair of small horns on your head. [potion of mutation]
  2348 | D:3      | Gained mutation: You are very frail (-20% HP). [potion of mutation]
  2356 | D:3      | Noticed raikaria's ghost (average HEWr)
  2461 | D:3      | Reached XP level 4. HP: 5/19 MP: 2/15
  2802 | D:3      | Slain by raikaria's ghost

Action                   |  1- 3 |  4- 6 || total
-------------------------+-------+-------++-------
Melee: Unarmed           |     2 |       ||     2
 Cast: Magic Dart        |    74 |    19 ||    93
       Searing Ray       |    16 |     4 ||    20
  Use: Potion            |     4 |       ||     4
       Scroll            |     6 |       ||     6
  Eat: Bread ration      |     1 |     1 ||     2
